 Dungeon Crawl Stone Soup version 0.31-a0-636-ge1c0e020e0 (webtiles) character file.

Game seed: 7265074956220881311

8771 bobarctor the Trooper (level 11, 0/81 HPs)
             Began as a Demonspawn Monk on Aug 27, 2023.
             Was a Priest of Kikubaaqudgha.
             Slain by an orc warlord
             ... wielding a +2 battleaxe
              (23 damage)
             ... in a bailey.
             The game lasted 01:42:12 (12783 turns).

bobarctor the Trooper (Demonspawn Monk)            Turns: 12783, Time: 01:42:13

Health: 0/81       AC: 16    Str: 15    XL:     11   Next: 14%
Magic:  13/19      EV: 14    Int: 15    God:    Kikubaaqudgha [***...]
Gold:   728        SH:  0    Dex: 16    Spells: 0/21 levels left

rFire   . . .        D - +3 whip (venom)
rCold   . . .        c - orb {light}
rNeg    . . .        a - +0 swamp dragon scales
rPois   +            e - +1 hat
rElec   +            C - +2 cloak
rCorr   .            v - +1 pair of gloves
SInv    +            n - +0 pair of boots of Xiasosm {rElec MP-9 Str+3 SInv}
Will    .....        d - amulet of regeneration
Stlth   +            y - ring of wizardry
HPRegen 1.13/turn    t - ring of magical power
MPRegen 0.32/turn

%: wizardry (x1)
@: animating dead (expiring), glowing
A: horns 1, demonic guardian 1, magic regeneration, sturdy frame 2, hooves 1
a: Renounce Religion, Unearth Wretches


You were in a bailey.
You worshipped Kikubaaqudgha.
Kikubaaqudgha was most pleased with you.
You visited 2 branches of the dungeon, and saw 11 of its levels.
You also visited: Bailey.

You collected 728 gold pieces.

Inventory:

Hand Weapons
 b - a +4 trident of venom
 k - a +0 hand axe
 r - a +1 mace of protection
 z - a +2 dagger of protection
 D - a +3 whip of venom (weapon)
 G - a +1 heavy orcbow
 I - a +5 hand axe
 P - a +2 short sword of venom
Missiles
 j - 4 boomerangs
 q - 5 darts of dispersal
 u - 16 poisoned darts
 L - 3 curare-tipped darts
 N - 4 atropa-tipped darts
Armour
 a - +0 swamp dragon scales (worn)
 c - an orb of light (worn)
 e - a +1 hat (worn)
 n - the +0 pair of boots of Xiasosm (worn) {rElec MP-9 Str+3 SInv}
   (You found it on level 5 of the Dungeon)

   Str+3:     It affects your strength (+3).
   rElec:     It insulates you from electricity.
   MP-9:      It affects your magic capacity (-9).
   SInv:      It lets you see invisible.
 v - a +1 pair of gloves (worn)
 B - a +3 ring mail of willpower
 C - a +2 cloak (worn)
 M - a +4 ring mail
Magical Staves
 V - a staff of cold
Jewellery
 d - an amulet of regeneration (around neck)
 l - a ring of protection from fire
 t - a ring of magical power (right hand)
 y - a ring of wizardry (left hand)
 E - a ring of poison resistance
 S - the amulet of the Four Winds {rN+ Will+++ Clar}
   (You found it in a bailey)

   [amulet of nothing]

   rN+:       It protects you from negative energy.
   Will+++:   It greatly increases your willpower.
   Clar:      It protects you from confusion, rage, mesmerisation and fear.
 T - a ring of protection from cold
Wands
 o - a wand of quicksilver (9) (quivered)
 p - a wand of mindburst (8)
 A - a wand of polymorph (4)
 H - a wand of iceblast (9)
Scrolls
 f - 3 scrolls of enchant weapon
 g - a scroll of blinking
 h - 4 scrolls of identify
 i - 4 scrolls of teleportation
 s - 2 scrolls of fog
 J - a scroll of butterflies
 O - 3 scrolls of fear
 R - a scroll of acquirement
Potions
 m - a potion of mutation
 w - a potion of magic
 x - a potion of heal wounds
 F - 2 potions of ambrosia
 K - a potion of curing
 U - 2 potions of enlightenment


   Skills:
 + Level 6.0 Fighting
 + Level 4.9 Armour
 + Level 5.4 Dodging
 + Level 5.4 Unarmed Combat
 * Level 5.8 Spellcasting
 + Level 3.6 Conjurations
 * Level 6.0 Necromancy
 * Level 5.8 Translocations
 + Level 2.1 Ice Magic
 + Level 4.3 Air Magic
 + Level 4.9 Poison Magic


You couldn't memorise any spells.
You knew the following spells:

 Your Spells              Type           Power      Damage    Failure   Level
a - Blink                 Tloc           42%        N/A       1%          2
b - Poisonous Vapours     Pois/Air       36%        N/A       1%          2
c - Momentum Strike       Conj/Tloc      36%        3d9       1%          2
d - Teleport Other        Tloc           21%        N/A       1%          3
e - Necrotise             Necr           88%        1d8       1%          1
f - Animate Dead          Necr           22%        N/A       6%          4
g - Frozen Ramparts       Ice            20%        1d4       9%          3
h - Manifold Assault      Tloc           21%        N/A       6%          4

Your spell library contained the following spells:

 Spells                   Type           Power      Damage    Failure   Level
 Apportation              Tloc           42%        N/A       1%          1
 Cigotuvi's Dreadful Rot  Necr/Pois/Air  38%        N/A       1%          2
 Lesser Beckoning         Tloc           42%        N/A       1%          2
 Sublimation of Blood     Necr           22%        N/A       1%          2
 Gell's Gravitas          Tloc           21%        N/A       1%          3
 Freeze                   Ice            40%        1d6       2%          1
 Sting                    Tmut/Pois      44%        1d5       2%          1
 Hailstorm                Conj/Ice       13%        3d5       6%          3
 Olgreb's Toxic Radiance  Pois           19%        N/A       9%          4
 Agony                    Necr           22%        N/A       16%         5
 Anguish                  Hex/Necr       6%         N/A       19%         4
 Summon Ice Beast         Ice/Summ       7%         N/A       38%         4
 Borgnjor's Vile Clutch   Necr/Erth      6%         N/A       45%         5
 Alistair's Intoxication  Tmut/Pois      7%         N/A       52%         5
 Death Channel            Necr           11%        N/A       61%         6
 Dispersal                Tloc           10%        N/A       65%         6
 Summon Mana Viper        Hex/Summ       4%         N/A       86%         5
 Monstrous Menagerie      Summ           2%         N/A       100%        7
 Disjunction              Tloc           10%        N/A       100%        8


Dungeon Overview and Level Annotations

Branches:
Dungeon (10/15)            Temple (1/1) D:7             Orc (0/2) D:10
 Bailey (1/1)
   Lair: D:8-11

Altars:
Ashenzari
Cheibriados
Dithmenos
Fedhas
Gozag
Hepliaklqana
Kikubaaqudgha
Makhleb
Nemelex Xobeh
Qazlal
Ru
Trog
Uskayaw
Vehumet
Wu Jian
Xom
Yredelemnul

Annotations:
D:7 1 transporter


Innate Abilities, Weirdness & Mutations

You have a pair of small horns on your head.
A weak demonic guardian rushes to your aid.
You regenerate magic rapidly.
Your movements are less encumbered by armour. (ER -4)
You have large cloven feet.


Message History

The orc warlord is poisoned.
A nearby orc perishes wretchedly. x2
The orc warlord hits you with a +2 battleaxe!!
A demonic guardian appears!
The dead are walking! x2
You hit the orc warlord but do no damage.
The orc warlord looks as sick as possible!
The orc warlord is lightly wounded.
The orc warlord hits you with a +2 battleaxe.
The orc warlord hits your orc zombie with a +2 battleaxe!
Your orc zombie is destroyed!
You hit the orc warlord.
The orc warlord looks as sick as possible!
The orc warlord is lightly wounded.
The orc warlord hits you with a +2 battleaxe.
The orc warlord hits your white imp with a +2 battleaxe!!
Your white imp dies!
Your white imp disappears in a puff of smoke!
Casting: Animate Dead (dangerous; 6% risk of failure)
Confirm with . or Enter, or press ? or * to list all spells.
You miscast Blink.
You are very lightly contaminated with residual magic.
Nothing appears to happen.
The orc warlord hits you with a +2 battleaxe!
Casting: Blink (safe; 1% risk of failure)
Confirm with . or Enter, or press ? or * to list all spells.
You blink.
Your orc zombie hits the orc warlord.
Your orc zombie hits the orc warlord but does no damage.
The orc warlord barely misses you.
The orc warlord hits your orc zombie with a +2 battleaxe!
Your orc zombie is destroyed!
You feel stable enough to blink again.
The orc warlord attacks as it pursues you!
The orc warlord hits you with a +2 battleaxe!!
* * * LOW HITPOINT WARNING * * *
There is an open door here.
Your magical contamination has completely faded away.
Your reaping aura is weakening.
The orc warlord attacks as it pursues you!
The orc warlord hits you with a +2 battleaxe!!
You die...
Kikubaaqudgha rasps: "You have failed me!
Welcome... death!"

###.........###.. ♣♣♣♣♣♣♣♣
###.#[#.....###.###
♣......♣###.....###.###.....#
♣♣......##.........###........
♣.......#...........#.........
♣♣.......'...........#.........
♣...∩.∩..'....)⌠.....#........§
♣........'....)......#.........
♣........#....@......#.........
♣♣♣......##....o....###........
♣.....♣♣###.....###.###.....#
♣♣♣♣.♣♣ ###.#'#.....###.### ♣♣♣
###.........###..
#...........#...
#...........#...
#.....⌠....)#)).
#...........)...


You could see an orc warlord (very poisoned).

Vanquished Creatures
  A kobold demonologist (D:9)
  Maggie (D:7)
  A human (D:7)
  8 yaks
  4 hogs (D:7)
  A steam dragon (D:7)
  Grum (D:8)
  Edmund (D:4)
  2 ice beasts
  A sky beast (D:7)
  9 orc warriors
  A black bear (D:5)
  2 wolves (D:8)
  A centaur (D:6)
  A phantom (D:8)
  3 kobold brigands
  5 bullfrogs
  2 gnoll sergeants
  6 scorpions
  11 wights
  8 killer bees
  2 jellies
  7 electric eels (D:7)
  4 howler monkeys
  A hound (D:5)
  5 orc priests
  Terence (D:2)
  4 iguanas (D:5)
  Ijyb (D:4)
  2 sleepcaps
  3 orc wizards
  A mummy (D:7)
  21 gnolls
  7 adders
  A shadow imp (D:6)
  A white imp (D:5)
  4 ufetubi
  3 worms
  4 dart slugs
  25 orcs
  7 bats
  8 endoplasms
  4 giant cockroaches
  24 goblins
  15 hobgoblins
  10 jackals
  22 kobolds
  3 quokkas
  3 ball pythons
  7 frilled lizards
  2 rats (D:1)
272 creatures vanquished.

Vanquished Creatures (collateral kills)
  A two-headed ogre (D:9)
  A yak (D:7)
  2 steam dragons
  2 orc warriors (Bailey)
  A kobold brigand (D:8)
  A gnoll bouda (D:7)
  A gnoll (D:9)
  3 orcs (Bailey)
  3 goblins (Bailey)
  A hobgoblin (Bailey)
  3 kobolds
19 creatures vanquished.

Vanquished Creatures (others)
  A hog zombie (D:7)
  2 yak zombies
  An orc wizard (D:8)
  A killer bee zombie (D:9)
  A howler monkey zombie (D:8)
  2 adders (D:7)
  A steam dragon zombie (D:8)
  An adder zombie (D:7)
  7 orcs
  A hobgoblin (D:7)
  A ball python zombie (D:7)
  5 gnoll zombies
  4 goblin zombies (Bailey)
  3 hobgoblin zombies
  7 kobold zombies
  15 orc zombies
  A quokka zombie (D:7)
54 creatures vanquished.

Grand Total: 345 creatures vanquished

Notes
Turn   | Place    | Note
-------+----------+-------------------------------------------
     0 | D:1      | bobarctor the Demonspawn Monk began the quest for the Orb.
     0 | D:1      | Reached XP level 1. HP: 18/18 MP: 1/1
   120 | D:1      | Gained mutation: You regenerate magic rapidly. [demonic
                  | ancestry]
   120 | D:1      | Reached XP level 2. HP: 15/24 MP: 2/2
   428 | D:1      | Reached skill level 1 in Spellcasting
   615 | D:1      | Reached XP level 3. HP: 29/29 MP: 4/4
  1432 | D:2      | Noticed Terence
  1457 | D:2      | Killed Terence
  1458 | D:2      | Reached XP level 4. HP: 24/36 MP: 6/6
  1836 | D:3      | Found a sacrificial altar of Ru.
  2048 | D:3      | Learned a level 2 spell: Blink
  2104 | D:3      | Found a faded altar of an unknown god.
  2257 | D:3      | Learned a level 2 spell: Poisonous Vapours
  2532 | D:4      | Noticed a scorpion
  2540 | D:4      | Killed a scorpion
  2541 | D:4      | Reached XP level 5. HP: 37/42 MP: 4/7
  2580 | D:4      | Found an ancient bone altar of Kikubaaqudgha.
  2717 | D:4      | Reached skill level 1 in Translocations
  2717 | D:4      | Reached skill level 1 in Air Magic
  2717 | D:4      | Reached skill level 1 in Poison Magic
  2845 | D:4      | Noticed Edmund
  2914 | D:3      | Learned a level 2 spell: Momentum Strike
  3058 | D:4      | Gained mutation: Your movements are slightly less
                  | encumbered by armour. (ER -2) [demonic ancestry]
  3058 | D:4      | Reached XP level 6. HP: 33/48 MP: 9/9
  3253 | D:4      | Noticed Ijyb
  3408 | D:4      | Killed Ijyb
  3795 | D:5      | Entered Level 5 of the Dungeon
  3941 | D:4      | HP: 2/48 [Edmund/+3 dire flail of protection (8)]
  3942 | D:4      | Killed Edmund
  4038 | D:5      | Found a bloodstained altar of Trog.
  4053 | D:5      | Noticed an ice beast
  4073 | D:5      | Killed an ice beast
  4074 | D:5      | Reached skill level 1 in Armour
  4074 | D:5      | Gained mutation: Your movements are less encumbered by
                  | armour. (ER -4) [demonic ancestry]
  4074 | D:5      | Reached XP level 7. HP: 54/54 MP: 10/10
  4254 | D:5      | Identified the +0 pair of boots of Xiasosm {rElec MP-9
                  | Str+3 SInv}
  4458 | D:4      | Learned a level 3 spell: Teleport Other
  4887 | D:4      | Became a worshipper of Kikubaaqudgha
  4887 | D:4      | Reached * piety under Kikubaaqudgha
  4887 | D:4      | Received a gift from Kikubaaqudgha
  4887 | D:4      | Reached ** piety under Kikubaaqudgha
  4890 | D:4      | Learned a level 1 spell: Necrotise
  5407 | D:5      | Gained mutation: You have a pair of small horns on your
                  | head. [demonic ancestry]
  5407 | D:5      | Reached XP level 8. HP: 61/61 MP: 12/12
  5487 | D:5      | Reached skill level 1 in Necromancy
  5868 | D:6      | Reached skill level 1 in Conjurations
  6032 | D:6      | Found a basalt altar of Yredelemnul.
  6194 | D:6      | Learned a level 4 spell: Animate Dead
  6317 | D:7      | Noticed Maggie
  7093 | D:7      | Reached XP level 9. HP: 65/67 MP: 14/14
  7902 | D:7      | Reached skill level 5 in Fighting
  8010 | D:7      | Found a staircase to the Ecumenical Temple.
  8032 | Temple   | Entered the Ecumenical Temple
  8114 | D:7      | Found a sparkling altar of Nemelex Xobeh.
  8114 | D:7      | Found a transporter.
  8680 | D:7      | Found a snail-covered altar of Cheibriados.
  8862 | D:7      | Killed Maggie
  9083 | D:7      | Learned a level 3 spell: Frozen Ramparts
  9131 | D:8      | Gained mutation: A weak demonic guardian rushes to your
                  | aid. [demonic ancestry]
  9131 | D:8      | Reached XP level 10. HP: 71/74 MP: 11/17
  9370 | D:7      | Reached skill level 5 in Dodging
  9586 | D:7      | Reached *** piety under Kikubaaqudgha
  9586 | D:7      | Received a gift from Kikubaaqudgha
  9599 | D:7      | Reached skill level 5 in Unarmed Combat
  9599 | D:7      | Reached skill level 5 in Spellcasting
  9656 | D:7      | Reached skill level 5 in Translocations
  9697 | D:8      | Reached skill level 1 in Ice Magic
  9803 | D:8      | Noticed Grum
  9819 | D:8      | Killed Grum
  9820 | D:8      | Reached skill level 5 in Necromancy
  9927 | D:8      | Gained mutation: You have large cloven feet. [potion of
                  | mutation]
 10203 | D:8      | Found a shadowy altar of Dithmenos.
 10348 | D:9      | Found an ornate altar of the Wu Jian Council.
 10416 | D:9      | Reached **** piety under Kikubaaqudgha
 10432 | D:9      | Noticed an angel
 10439 | D:9      | Found a shimmering altar of Xom.
 10440 | D:9      | Identified the +1 plate armour of Dithmenos, Inviting
                  | {rElec rN++ Regen+ Int-4}
 10617 | D:9      | Noticed a two-headed ogre
 10631 | D:9      | Killed a two-headed ogre
 10967 | D:9      | Noticed a rust devil
 11050 | D:9      | Reached XP level 11. HP: 61/81 MP: 11/19
 11112 | D:9      | Identified the +6 plate armour of Impatience {Contam Str-2
                  | Dex+4 SInv}
 11173 | D:9      | Found a blossoming altar of Fedhas.
 11662 | D:10     | Entered Level 10 of the Dungeon
 11672 | D:10     | Found a flagged portal.
 11742 | D:10     | Learned a level 4 spell: Manifold Assault
 11743 | Bailey   | Entered a bailey
 12168 | Bailey   | Noticed an orc warlord
 12346 | Bailey   | Found the amulet of the Four Winds {rN+ Will+++ Clar}
 12783 | Bailey   | Slain by an orc warlord

Illustrated notes

Levels and vault maps discovered:
D:1:      wander_arrival_fairy_ring, layout_basic
D:2:      layout_loops_corners, minmay_split_cup_large, uniq_terence
D:3:      layout_basic, overflow_temple_1_default, serial_glass,
          glass_columns_a, glass_columns_a, glass_columns_a, glass_columns_c,
          dreamdust_ecumenical_altar_statues
D:4:      layout_basic, nicolae_overflow_hidden_temple, uniq_ijyb, uniq_edmund
D:5:      minmay_chambers_of_threes, layout_basic, mainiacjoe_overflow_catwalk,
          hangedman_decor_peaks_small
D:6:      layout_basic, amcnicky_altar_gilded
D:7:      layout_loops_corners, grunt_nemelex_the_gamble, slow_altar_2,
          minmay_temple_entry_sparse_star, serial_bayou, serial_bayou_pond_c,
          serial_bayou_shore_b, serial_bayou_lake_a, serial_bayou_ford_a,
          serial_bayou_pond_a, grunt_livestock, chequers_garden, uniq_maggie
D:8:      layout_rooms, grunt_dithmenos_shadows, uniq_grum
D:9:      layout_loops_ring, grunt_temple_overflow_order_and_chaos_1,
          kennysheep_mini, nicolae_elyvilon_temple_path, tso_altar,
          nicolae_wu_jian_wuxing_cycle, grunt_ministairs_14
D:10:     layout_roguey [special_room_orc], lemuel_tele_altar,
          okawaru_altar_gauntlet_db, orc_0_dummy, serial_glass, glass_columns_a,
          glass_columns_a, glass_columns_c, glass_columns_b, glass_columns_b,
          glass_columns_c, item_on_display_a, item_on_display_a, enter_bailey_5,
          chequers_serial_rivers_small_3
Temple:   nicolae_temple_great_sept
Bailey:   bailey_axe_minmay_hex_keep, bailey

Skill      XL: |  1  2  3  4  5  6  7  8  9 10 11 |
---------------+----------------------------------+-----
Unarmed Combat | 3 4 5 |  5.4
Dodging        | 3 4 5 |  5.4
Spellcasting   | 1 2 3 4 5 |  5.8
Translocations | 1 2 3 4 5 |  5.8
Air Magic      | 1 2 3 4 |  4.3
Poison Magic   | 1 2 3 4 |  4.9
Fighting       | 4 5 6 |  6.0
Armour         | 1 2 3 4 |  4.9
Necromancy     | 2 4 5 6 |  6.0
Conjurations   | 1 2 3 |  3.6
Ice Magic      | 1 2 |  2.1

Action                     |  1- 3 |  4- 6 |  7- 9 | 10-12 || total
---------------------------+-------+-------+-------+-------++-------
  Melee: Unarmed           |   177 |   226 |    14 |       ||   417
         Dagger            |       |     1 |   311 |   531 ||   843
         Headbutt          |       |       |    81 |   187 ||   268
         Whip              |       |       |       |     3 ||     3
  Throw: Dart              |       |    12 |       |       ||    12
   Cast: Poisonous Vapours |       |    22 |    91 |    64 ||   177
         Blink             |       |     4 |     7 |    14 ||    25
         Momentum Strike   |       |     5 |    33 |    29 ||    67
         Necrotise         |       |       |    90 |    23 ||   113
         Teleport Other    |       |       |     1 |    14 ||    15
         Animate Dead      |       |       |     5 |    19 ||    24
         Frozen Ramparts   |       |       |       |     2 ||     2
         Manifold Assault  |       |       |       |     5 ||     5
 Invoke: Unearth Wretches  |       |       |     2 |     4 ||     6
  Evoke: Wand              |       |     4 |    17 |     2 ||    23
    Use: Potion            |       |     4 |       |     2 ||     6
         Scroll            |       |       |    14 |     7 ||    21
   Stab: Sleeping          |     1 |       |       |       ||     1
         Paralysed         |       |       |     2 |     2 ||     4
         Distracted        |       |       |       |     4 ||     4
 Armour: Robe              |    36 |    36 |       |       ||    72
         Ring mail         |       |    27 |   158 |       ||   185
         Skin              |       |     1 |       |       ||     1
         Swamp dragon scal |       |       |    25 |   305 ||   330
  Dodge: Dodged            |   125 |   166 |   267 |   512 ||  1070

Table legend: (Time is in decaauts)
 A = Elapsed time spent in this place.
 B = Non-inter-level travel time spent in this place.
 C = Inter-level travel time spent in this place.
 D = Time resting spent in this place.
 E = Time spent auto-exploring this place.
 F = Levels seen in this place.
 G = Mean time per level.
                   A        B        C        D        E       F      G
               +--------+--------+--------+--------+--------+-----+--------+
         Total |  12847 |  11640 |   1207 |   1935 |   5408 |  12 | 1070.6 |
       Dungeon |  11782 |  10575 |   1207 |   1783 |   5165 |  10 | 1178.2 |
        Temple |     26 |     26 |      0 |      0 |      0 |   1 |   26.0 |
        Bailey |   1039 |   1039 |      0 |    152 |    243 |   1 | 1039.0 |
               +--------+--------+--------+--------+--------+-----+--------+

Top non-repeatable levels by time:
     D:7: 2712 daAuts
     D:5: 1793 daAuts
     D:4: 1377 daAuts
     D:6: 1289 daAuts
     D:3: 1131 daAuts
  Bailey: 1039 daAuts
     D:2: 1024 daAuts
     D:9: 1004 daAuts
     D:8: 728 daAuts
     D:1: 636 daAuts
    D:10: 82 daAuts
  Temple: 26 daAuts
